 Dungeon Crawl Stone Soup version 0.31-a0-1612-g4aaf141004 (webtiles) character file.

Game seed: 9818055602373260346

404 Bnni the Poker (level 7, -5/56 HPs)
             Began as a Formicid Fighter on Jan 9, 2024.
             Was a Follower of Qazlal.
             Succumbed to a water moccasin's poison
             ... on level 4 of the Dungeon.
             The game lasted 00:04:51 (2716 turns).

Bnni the Poker (Formicid Fighter)                   Turns: 2716, Time: 00:04:51

Health: -5/56      AC: 13    Str: 22    XL:     7   Next: 12%
Magic:  8/8        EV:  6    Int: 14    God:    Qazlal [*.....]
Gold:   186        SH:  7    Dex: 13    Spells: 6/6 levels left

rFire   + . .        q - +0 scythe
rCold   . . .        c - +0 buckler
rNeg    . . .        p - +0 plate armour
rPois   .            (helmet unavailable)
rElec   .            (no cloak)
rCorr   .            h - +0 pair of gloves
SInv    +            s - +0 pair of boots
Will    .....        f - amulet of magic regeneration Stlth
                     g - ring of protection from fire
HPRegen 0.29/turn    r - +6 ring of intelligence
MPRegen 0.51/turn

%: no passive effects
@: brilliant, lethally poisoned (-5 -> -34)
A: permanent stasis, dig shafts and tunnels, antennae 3, four strong arms
a: Dig, Shaft Self, Renounce Religion


You were on level 4 of the Dungeon.
You worshipped Qazlal.
Qazlal was aware of your devotion.
You visited 1 branch of the dungeon, and saw 5 of its levels.

You collected 186 gold pieces.

Inventory:

Hand Weapons
 q - a +0 scythe (weapon)
Armour
 c - a +0 buckler (worn)
 h - a +0 pair of gloves (worn)
 p - a +0 plate armour (worn)
 s - a +0 pair of boots (worn)
Jewellery
 f - an amulet of magic regeneration (around neck)
 g - a ring of protection from fire (left hand)
 r - a +6 ring of intelligence (right hand)
Wands
 o - a wand of charming (2)
Scrolls
 a - a scroll of teleportation {unknown}
 b - a scroll of silence {unknown}
 e - 5 scrolls of identify {unknown}
 k - 2 scrolls of amnesia {unknown}
 m - a scroll of immolation {unknown}
Potions
 d - a potion of might
 j - a potion of haste {unknown}
 l - a potion of cancellation {unknown}
 n - a potion of brilliance


   Skills:
 + Level 5.1 Fighting
 * Level 5.3 Polearms
 - Level 3.2 Armour
 - Level 5.0 Shields
 + Level 2.1 Invocations


You had 6 spell levels left.
You didn't know any spells.
Your spell library contained the following spells:

 Spells                   Type           Power      Damage    Failure   Level
 Kiss of Death            Conj/Necr      0%         2d5       100%        1
 Sandblast                Erth           0%         2d4       100%        1
 Passwall                 Erth           0%         N/A       100%        3
 Stone Arrow              Conj/Erth      0%         3d7       100%        3
 Brom's Barrelling Bould  Conj/Erth      0%         2d3       100%        4


Dungeon Overview and Level Annotations

Branches:
Dungeon (5/15)
 Temple: D:4-7

Altars:
Qazlal
Trog

Shops:
D:1 (


Innate Abilities, Weirdness & Mutations

You cannot be hasted, slowed, berserked, paralysed or teleported.
You can dig through walls and to a lower floor.
You have a pair of large antennae on your head. (SInv)
Your four strong arms can wield two-handed weapons with a shield.


Message History

Unknown command.
You are too injured to fight recklessly!
Unknown command.
You are too injured to fight recklessly!
Unknown command.
You are too injured to fight recklessly!
You puncture the water moccasin!
The water moccasin is almost dead.
You feel very sick.
You block the water moccasin's attack. x2
You miss the water moccasin.
The water moccasin is almost dead.
You feel very sick. The water moccasin barely misses you.
The water moccasin bites you but does no damage.
You closely miss the water moccasin.
The water moccasin is almost dead.
You feel very sick. The water moccasin barely misses you.
You barely miss the water moccasin.
The water moccasin is almost dead.
You feel sick.
The water moccasin bites you but does no damage. x2
You barely miss the water moccasin.
The water moccasin is almost dead.
You feel sick. You block the water moccasin's attack.
The water moccasin bites you.
* * * LOW HITPOINT WARNING * * *
You are lethally poisoned!
The water moccasin poisons you!
It was a potion of brilliance.
You feel clever all of a sudden.
* * * LOW HITPOINT WARNING * * *
You feel very sick. The water moccasin bites you.
* * * LOW HITPOINT WARNING * * *
You are more poisoned.
The water moccasin poisons you!
It was a potion of magic.
Magic courses through your body.
You die...

#....# #.........###....# ##.##
#....# #.........# ###..###..##
#....####.......## #>.....<##
#......###.....## ####.........
#....#.# ##########....#.......
#....#.###.......##....#......#
#..###..##.......##....#.......
#..# ##........................
#..# ####...S@...#.).......###
#..# ##..###...#.......#.###
##..# #...##.................
#...#### #.........#....#.......
#......###.........#....#.......
#..................#.#..........
#......#...#.........#.##.......
#...............................
#......#.....####)###..##.......


You could see a water moccasin.

Vanquished Creatures
  Sigmund (D:4)
  A hound (D:4)
  An orc priest (D:3)
  A jelly (D:4)
  7 adders
  3 gnolls (D:2)
  2 dart slugs (D:4)
  2 ribbon worms
  7 orcs
  10 ball pythons
  8 bats
  7 endoplasms
  3 giant cockroaches
  8 goblins
  4 hobgoblins
  3 jackals (D:2)
  9 kobolds
  4 quokkas
  2 frilled lizards (D:1)
  8 rats
91 creatures vanquished.

Vanquished Creatures (others)
  An arcanist (D:3)
1 creature vanquished.

Grand Total: 92 creatures vanquished

Notes
Turn   | Place    | Note
-------+----------+-------------------------------------------
     0 | D:1      | Bnni the Formicid Fighter began the quest for the Orb.
     0 | D:1      | Reached XP level 1. HP: 18/18 MP: 1/1
    66 | D:1      | Reached XP level 2. HP: 24/24 MP: 2/2
   168 | D:1      | Reached XP level 3. HP: 28/29 MP: 3/3
   454 | D:1      | Found Xaecal's Weapon Shop.
   780 | D:2      | Reached skill level 5 in Shields
   780 | D:2      | Reached XP level 4. HP: 37/37 MP: 4/4
  1331 | D:3      | Reached XP level 5. HP: 42/42 MP: 5/5
  1898 | D:3      | Found a bloodstained altar of Trog.
  1975 | D:3      | Found a faded altar of an unknown god.
  1980 | D:3      | Got Plato's Volume of Stolen Souls
  1981 | D:3      | Prayed at the altar of an unknown god.
  1981 | D:3      | Became a worshipper of Qazlal Stormbringer
  1981 | D:3      | Reached * piety under Qazlal
  2047 | D:3      | Noticed a wizard
  2052 | D:3      | Killed a wizard
  2136 | D:4      | Reached XP level 6. HP: 48/49 MP: 6/6
  2210 | D:4      | Noticed Sigmund
  2222 | D:4      | Reached skill level 1 in Invocations
  2307 | D:4      | Killed Sigmund
  2308 | D:4      | Reached skill level 5 in Fighting
  2308 | D:4      | Reached skill level 5 in Polearms
  2533 | D:4      | Reached XP level 7. HP: 56/56 MP: 8/8
  2696 | D:5      | Entered Level 5 of the Dungeon
  2696 | D:5      | Noticed a water moccasin
  2715 | D:4      | HP: 2/56 [water moccasin (3)]
  2716 | D:4      | Succumbed to a water moccasin's poison

Illustrated notes

Levels and vault maps discovered:
D:1:      zelgadis_glass_arrival_small, layout_rooms, serial_shops, shop
D:2:      layout_loops_ring
D:3:      layout_rooms, trog_wizard, shapermc_ecumenical_altar_rom_forum
D:4:      layout_rooms, sigmund_army
D:5:      layout_basic, mainiacjoe_overflow_catwalk, minmay_temple_entry_wispy,
          uniq_grinder, uniq_crazy_yiuf_cottage, uniq_blork_the_orc,
          uniq_menkaure

Skill      XL: |  1  2  3  4  5  6  7 |
---------------+----------------------+-----
Shields        | 5 |  5.0
Polearms       | 3 4 5 |  5.3
Fighting       | 4 5 |  5.1
Invocations    | 1 2 |  2.1
Armour         | |  3.2

Action                     |  1- 3 |  4- 6 |  7- 9 || total
---------------------------+-------+-------+-------++-------
  Melee: Trident           |   110 |   195 |       ||   305
         Halberd           |       |    15 |    23 ||    38
  Evoke: Wand              |       |     1 |       ||     1
    Use: Potion            |       |       |     2 ||     2
 Armour: Scale mail        |    65 |    97 |       ||   162
         Plate armour      |       |    40 |    21 ||    61
  Dodge: Dodged            |    37 |   105 |     7 ||   149
  Block: Buckler           |    27 |    48 |     6 ||    81

Table legend: (Time is in decaauts)
 A = Elapsed time spent in this place.
 B = Non-inter-level travel time spent in this place.
 C = Inter-level travel time spent in this place.
 D = Time resting spent in this place.
 E = Time spent auto-exploring this place.
 F = Levels seen in this place.
 G = Mean time per level.
                   A        B        C        D        E       F      G
               +--------+--------+--------+--------+--------+-----+--------+
         Total |   2772 |   2722 |     50 |     25 |   1975 |   5 |  554.4 |
       Dungeon |   2772 |   2722 |     50 |     25 |   1975 |   5 |  554.4 |
               +--------+--------+--------+--------+--------+-----+--------+

Top non-repeatable levels by time:
     D:3: 808 daAuts
     D:2: 804 daAuts
     D:4: 612 daAuts
     D:1: 545 daAuts
     D:5: 1 daAuts
